cohdb
Replays
Latest Replays
All Replays
Popular Replays
Top Player Replays
Match Explorer
How It Works
Community
CoH3 Stats
Reddit
Sign in to upload your games and track your stats! →
Sign in with Steam
Match 37874100
Unlisted
Match 37874100
Overview
Messages
Build Orders
End
Selects Special Operations Battlegroup
Selects M29 Weasel Recon Vehicle
M29 Weasel Recon Vehicle
Construct Barracks
Riflemen Squad
Riflemen Squad
Engineer Squad
Air Support Center
Construct Motor Pool
M1 Anti-tank Gun Team
Construct Medical Station
M8 Greyhound Armored Car
Riflemen Squad
P-47 Strafing Run
P-47 Dive Bomb
Selects Raiding Flares
Selects Mark Vehicle
Selects UNKNOWN (2162291)
Selects Raiding Flares
Raiding Flares
Engineer Squad
Construct Tank Depot
P-47 Dive Bomb
M1 Anti-tank Gun Team
P-47 Dive Bomb
M4A1 Sherman Whizbang
P-47 Dive Bomb
Construct Medical Station
M18 Hellcat Tank Destroyer
Engineer Squad
P-47 Strafing Run
Riflemen Squad
Raiding Flares
Diancécht
Olympia007
Idiotic Pig
Gengeol
千万别点链接,账号被盗了
ffgghhjjkkll
Voodoo408
ekki
0
0
Comments
sign in to comment!
No comments posted yet!